MWL (24 & UNDER)
MANHATTEN MEATHEADS @ PLUMSTEAD EAGLES
09/07/2023
 
TOP OF THE 1ST
Manhatten Meatheads batting - Pitching for Plumstead Eagles : LHP Dave Watkins
Pitching: LHP Dave Watkins
Batting: SHB Will Evans 0-0: Bunted foul
0-1: Fly out, F9 (Flyball, 8RM)
Batting: RHB Juan Reyes 0-0: Called Strike
0-1: Ball
1-1: Ground out 6-3 (Groundball, 6)
Batting: LHB Pat Zimmerman 0-0: Ground out 5-3 (Groundball, 6S)
Top of the 1st over - 0 run(s), 0 hit(s), 0 error(s), 0 left on base; Manhatten 0 - Plumstead 0
BOTTOM OF THE 1ST
Plumstead Eagles batting - Pitching for Manhatten Meatheads : LHP Kelly Henry
Pitching: LHP Kelly Henry
Batting: LHB Miguel Colón 0-0: Called Strike
0-1: Foul Ball, location: 2F
0-2: Strikes out swinging
Batting: RHB José Moreno 0-0: Ball
1-0: Called Strike
1-1: Called Strike
1-2: Strikes out swinging
Batting: LHB Eduardo Rodríguez 0-0: Ball
1-0: Fly out, F6 (Popup, 6D)
Bottom of the 1st over - 0 run(s), 0 hit(s), 0 error(s), 0 left on base; Manhatten 0 - Plumstead 0
TOP OF THE 2ND
Manhatten Meatheads batting - Pitching for Plumstead Eagles : LHP Dave Watkins
Batting: SHB Vitaliano Capuana 0-0: SINGLE (Line Drive, 3D)
Batting: LHB Ed Murray 0-0: Hit by Pitch
Vitaliano Capuana to second
Batting: RHB Mark McDonald 0-0: Swinging Strike
0-1: Ball
1-1: Foul Ball, location: 2F
1-2: Ball
2-2: Foul Ball, location: 2F
2-2: Ball
3-2: Strikes out swinging
Batting: RHB Greg Lee 0-0: Fly out, F8 (Flyball, 8LM)
Batting: RHB Júlio Galló 0-0: Called Strike
0-1: Ball
1-1: Swinging Strike
1-2: Strikes out looking
Top of the 2nd over - 0 run(s), 1 hit(s), 0 error(s), 2 left on base; Manhatten 0 - Plumstead 0
BOTTOM OF THE 2ND
Plumstead Eagles batting - Pitching for Manhatten Meatheads : LHP Kelly Henry
Batting: RHB Germano Labrego 0-0: SINGLE (Line Drive, 56D)
Batting: SHB Nate Rhodes 0-0: Ball
1-0: Fly out, F8 (Flyball, 8RM)
Batting: RHB Juan Magdayao 0-0: Ball
1-0: Called Strike
1-1: Foul Ball, location: 2F
1-2: Foul Ball, location: 2F
1-2: Ball
2-2: Ball
3-2: Foul Ball, location: 2F
3-2: Base on Balls
Germano Labrego to second
Batting: RHB Tim Gardner 0-0: Foul Ball, location: 2F
0-1: Ball
1-1: Swinging Strike
1-2: SINGLE (Groundball, 5)
Germano Labrego to third
Juan Magdayao to second
Runner from 3rd tries for Home, SAFE, no throw or cutoff
Batting: RHB J.J. Leslie 0-0: Ball
1-0: Foul Ball, location: 2F
1-1: Fly out, F7 (Flyball, 7S)
Batting: RHB Louis Smith 0-0: Foul Ball, location: 2F
0-1: Fielders Choice at 2nd, U6 (Groundball, 6M)
Bottom of the 2nd over - 1 run(s), 2 hit(s), 0 error(s), 2 left on base; Manhatten 0 - Plumstead 1
TOP OF THE 3RD
Manhatten Meatheads batting - Pitching for Plumstead Eagles : LHP Dave Watkins
Batting: SHB Kent Phillips 0-0: Called Strike
0-1: Foul Ball, location: 2F
0-2: SINGLE (Flyball, 6MD)
Batting: SHB Will Evans 0-0: Foul Ball, location: 2F
0-1: Ball
1-1: Foul Ball, location: 2F
1-2: Foul Ball, location: 2F
1-2: Strikes out swinging
Batting: RHB Juan Reyes 0-0: Called Strike
0-1: Grounds into double play, 4-6-3 (Groundball, 4)
Top of the 3rd over - 0 run(s), 1 hit(s), 0 error(s), 0 left on base; Manhatten 0 - Plumstead 1
BOTTOM OF THE 3RD
Plumstead Eagles batting - Pitching for Manhatten Meatheads : LHP Kelly Henry
Batting: LHB Miguel Colón 0-0: Foul Ball, location: 2F
0-1: Called Strike
0-2: Strikes out swinging
Batting: RHB José Moreno 0-0: Ball
1-0: Hit by Pitch
Batting: LHB Eduardo Rodríguez 0-0: Called Strike
0-1: Ball
1-1: Called Strike
1-2: Strikes out looking
Batting: RHB Germano Labrego 0-0: Ground out 6-3 (Groundball, 6)
Bottom of the 3rd over - 0 run(s), 0 hit(s), 0 error(s), 1 left on base; Manhatten 0 - Plumstead 1
TOP OF THE 4TH
Manhatten Meatheads batting - Pitching for Plumstead Eagles : LHP Dave Watkins
Batting: LHB Pat Zimmerman 0-0: Called Strike
0-1: Foul Ball, location: 2F
0-2: Strikes out looking
Batting: SHB Vitaliano Capuana 0-0: Ground out 1-3 (Groundball, 15)
Batting: LHB Ed Murray 0-0: Ball
1-0: SINGLE (Groundball, 34S)
Batting: RHB Mark McDonald 0-0: Foul Ball, location: 2F
0-1: Foul Ball, location: 2F
0-2: Fielders Choice at 2nd, U6 (Groundball, 6M)
Top of the 4th over - 0 run(s), 1 hit(s), 0 error(s), 1 left on base; Manhatten 0 - Plumstead 1
BOTTOM OF THE 4TH
Plumstead Eagles batting - Pitching for Manhatten Meatheads : LHP Kelly Henry
Batting: SHB Nate Rhodes 0-0: Swinging Strike
0-1: SINGLE (Line Drive, 56D)
Batting: RHB Juan Magdayao 0-0: Called Strike
0-1: Ball
1-1: Ball
2-1: Foul Ball, location: 2F
2-2: Ball
3-2: Base on Balls
Nate Rhodes to second
Batting: RHB Tim Gardner 0-0: Swinging Strike
0-1: Ball
1-1: Ball
2-1: SINGLE (Line Drive, 6D)
Nate Rhodes to third
Juan Magdayao to second
Batting: RHB J.J. Leslie 0-0: Called Strike
0-1: Fly out, F8 (Flyball, 8LXD)
Runner from 3rd tags up, SCORES, no throw
Batting: RHB Louis Smith 0-0: Swinging Strike
0-1: Foul Ball, location: 2F
0-2: Strikes out looking
Batting: LHB Miguel Colón 0-0: Ball
1-0: Fly out, F5 (Popup, 25F)
Bottom of the 4th over - 1 run(s), 2 hit(s), 0 error(s), 2 left on base; Manhatten 0 - Plumstead 2
TOP OF THE 5TH
Manhatten Meatheads batting - Pitching for Plumstead Eagles : LHP Dave Watkins
Batting: RHB Greg Lee 0-0: Swinging Strike
0-1: Called Strike
0-2: Ball
1-2: Strikes out swinging
Batting: RHB Júlio Galló 0-0: Hit by Pitch
Batting: SHB Kent Phillips 0-0: Ball
Wild Pitch!
Júlio Galló to second
1-0: Fly out, F8 (Line Drive, 8RM)
Batting: SHB Will Evans 0-0: SINGLE (Line Drive, 89S)
Júlio Galló to third
Runner from 3rd tries for Home, SAFE, no throw or cutoff
Batting: RHB Juan Reyes 0-0: Ball
Will Evans steals 2nd base
1-0: Ball
2-0: SINGLE (Groundball, 6MD)
Will Evans to third
Runner from 3rd tries for Home, SAFE, no throw or cutoff
Batting: LHB Pat Zimmerman 0-0: SINGLE (Groundball, 6M)
Juan Reyes to second
Batting: SHB Vitaliano Capuana 0-0: Ball
1-0: Called Strike
1-1: Swinging Strike
1-2: Strikes out looking
Top of the 5th over - 2 run(s), 3 hit(s), 0 error(s), 2 left on base; Manhatten 2 - Plumstead 2
BOTTOM OF THE 5TH
Plumstead Eagles batting - Pitching for Manhatten Meatheads : LHP Kelly Henry
Batting: RHB José Moreno 0-0: Ball
1-0: Foul Ball, location: 2F
1-1: Ground out 6-3 (Groundball, 6MS)
Batting: LHB Eduardo Rodríguez 0-0: Ball
1-0: Ground out 4-3 (Groundball, 4)
Batting: RHB Germano Labrego 0-0: Foul Ball, location: 2F
0-1: Swinging Strike
0-2: Ball
1-2: Strikes out swinging
Bottom of the 5th over - 0 run(s), 0 hit(s), 0 error(s), 0 left on base; Manhatten 2 - Plumstead 2
TOP OF THE 6TH
Manhatten Meatheads batting - Pitching for Plumstead Eagles : LHP Dave Watkins
Batting: LHB Ed Murray 0-0: Called Strike
0-1: Ball
1-1: Ground out 4-3 (Groundball, 4)
Batting: RHB Mark McDonald 0-0: Called Strike
0-1: Foul Ball, location: 2F
0-2: Ball
1-2: Foul Ball, location: 2F
1-2: Strikes out looking
Batting: RHB Greg Lee 0-0: Called Strike
0-1: Ball
1-1: Called Strike
1-2: Ball
2-2: Foul Ball, location: 2F
2-2: Strikes out looking
Top of the 6th over - 0 run(s), 0 hit(s), 0 error(s), 0 left on base; Manhatten 2 - Plumstead 2
BOTTOM OF THE 6TH
Plumstead Eagles batting - Pitching for Manhatten Meatheads : LHP Kelly Henry
Batting: SHB Nate Rhodes 0-0: Called Strike
0-1: Ball
1-1: Ball
2-1: Fly out, F4 (Popup, 3D)
Batting: RHB Juan Magdayao 0-0: Called Strike
0-1: Ball
1-1: Foul Ball, location: 2F
1-2: Ball
2-2: Ball
3-2: Base on Balls
Batting: RHB Tim Gardner 0-0: Ball
1-0: Ground out 4-3 (Groundball, 4M)
Juan Magdayao to second
Batting: RHB J.J. Leslie 0-0: Fly out, F7 (Line Drive, 7LD)
Bottom of the 6th over - 0 run(s), 0 hit(s), 0 error(s), 1 left on base; Manhatten 2 - Plumstead 2
TOP OF THE 7TH
Manhatten Meatheads batting - Pitching for Plumstead Eagles : LHP Dave Watkins
Batting: RHB Júlio Galló 0-0: Called Strike
0-1: Fly out, F9 (Flyball, 89M)
Batting: SHB Kent Phillips 0-0: Ball
1-0: Called Strike
1-1: Ball
2-1: Foul Ball, location: 2F
2-2: Ball
3-2: Strikes out looking
Batting: SHB Will Evans 0-0: Hit by Pitch
Pitching: RHP Iván Márquez
Batting: RHB Juan Reyes 0-0: Ball
1-0: Ball
2-0: Swinging Strike
2-1: Ball
3-1: Called Strike
3-2: Foul Ball, location: 2F
3-2: Ground out 6-3 (Groundball, 6)
Top of the 7th over - 0 run(s), 0 hit(s), 0 error(s), 1 left on base; Manhatten 2 - Plumstead 2
BOTTOM OF THE 7TH
Plumstead Eagles batting - Pitching for Manhatten Meatheads : LHP Kelly Henry
Batting: RHB Louis Smith 0-0: Called Strike
0-1: Ball
1-1: Foul Ball, location: 2F
1-2: Ball
2-2: Foul Ball, location: 2F
2-2: Fly out, F8 (Flyball, 8LM)
Pitching: RHP Matt Johnston
Batting: LHB Miguel Colón 0-0: Called Strike
0-1: Ball
1-1: Foul Ball, location: 2F
1-2: Foul Ball, location: 2F
1-2: Ball
2-2: Ball
3-2: Foul Ball, location: 2F
3-2: Foul Ball, location: 2F
3-2: Base on Balls
Pinch Hitting: RHB Norogumi Tanaka 0-0: Foul Ball, location: 2F
0-1: Ground out 5-3 (Groundball, 5L)
Miguel Colón to second
Pitching: LHP Aaron Gibbs
Batting: LHB Eduardo Rodríguez 0-0: Called Strike
0-1: Ball
1-1: Ground out 6-3 (Groundball, 6)
Bottom of the 7th over - 0 run(s), 0 hit(s), 0 error(s), 1 left on base; Manhatten 2 - Plumstead 2
TOP OF THE 8TH
Manhatten Meatheads batting - Pitching for Plumstead Eagles : RHP Iván Márquez
Now at SS: Pablo Villarreal
Batting: LHB Pat Zimmerman 0-0: Called Strike
0-1: Ball
1-1: Ground out 6-3 (Groundball, 6)
Batting: SHB Vitaliano Capuana 0-0: Ball
1-0: Called Strike
1-1: Swinging Strike
1-2: Ball
2-2: Strikes out looking
Batting: LHB Ed Murray 0-0: Ground out 4-3 (Groundball, 34)
Top of the 8th over - 0 run(s), 0 hit(s), 0 error(s), 0 left on base; Manhatten 2 - Plumstead 2
BOTTOM OF THE 8TH
Plumstead Eagles batting - Pitching for Manhatten Meatheads : LHP Aaron Gibbs
Pitching: RHP Rodney Hall
Batting: RHB Germano Labrego 0-0: Ball
1-0: Called Strike
1-1: Ball
2-1: Ball
3-1: Fly out, F7 (Flyball, 78D)
Batting: SHB Nate Rhodes 0-0: Called Strike
0-1: Ball
1-1: Foul Ball, location: 2F
1-2: Ball
2-2: Strikes out swinging
Batting: RHB Juan Magdayao 0-0: SINGLE (Line Drive, 7S)
Batting: RHB Tim Gardner 0-0: Called Strike
0-1: Called Strike
0-2: Ball
1-2: Ball
Juan Magdayao is caught stealing 2nd base
Bottom of the 8th over - 0 run(s), 1 hit(s), 0 error(s), 0 left on base; Manhatten 2 - Plumstead 2
TOP OF THE 9TH
Manhatten Meatheads batting - Pitching for Plumstead Eagles : RHP Iván Márquez
Pitching: RHP Lane Lund
Pinch Hitting: RHB John Little 0-0: Foul Ball, location: 2F
0-1: Ball
1-1: Foul Ball, location: 2F
1-2: Ball
2-2: Strikes out looking
Pinch Hitting: LHB Magali Foulerton 0-0: Ball
1-0: Ball
2-0: Called Strike
2-1: Fly out, F3 (Popup, 34S)
Batting: RHB Júlio Galló 0-0: Foul Ball, location: 2F
0-1: Ball
1-1: Foul Ball, location: 2F
1-2: Ball
2-2: Foul Ball, location: 2F
2-2: Foul Ball, location: 2F
2-2: Foul Ball, location: 2F
2-2: Strikes out looking
Top of the 9th over - 0 run(s), 0 hit(s), 0 error(s), 0 left on base; Manhatten 2 - Plumstead 2
BOTTOM OF THE 9TH
Plumstead Eagles batting - Pitching for Manhatten Meatheads : RHP Rodney Hall
Now at C: John Little
Now in CF: Kyle O'Day
Batting: RHB Tim Gardner 0-0: DOUBLE (Flyball, 89M)
Batting: RHB J.J. Leslie 0-0: Intentional Walk
Batting: RHB Louis Smith 0-0: Ball
1-0: Called Strike
1-1: Swinging Strike
1-2: Strikes out swinging
Batting: LHB Miguel Colón 0-0: Called Strike
0-1: Ball
Wild Pitch!
Tim Gardner to third
J.J. Leslie to second
1-1: Intentional Walk
Pinch Hitting: RHB David Moran 0-0: Ball
1-0: Foul Ball, location: 2F
1-1: SINGLE (Line Drive, 8LS)
Tim Gardner scores
This league is powered by Out of the Park Baseball, the baseball management simulation game for PC, Mac and Linux
Wednesday, December 2nd, 2015 - OOTP Baseball 16.8 Build 38